 Dungeon Crawl Stone Soup version 0.21.1-1-g345015f (webtiles) character file.

249 xccam the Chopper (level 5, -6/41 HPs)
             Began as a Demonspawn Abyssal Knight on Feb 12, 2018.
             Was a Believer of Lugonu.
             Mangled by a river rat (7 damage)
             ... in a sewer.
             The game lasted 00:08:23 (2379 turns).

xccam the Chopper (Demonspawn Abyssal Knight)       Turns: 2379, Time: 00:08:24

Health: -6/41      AC: 12    Str: 13    XL:     5   Next: 87%
Magic:  6/6        EV: 15    Int: 14    God:    Lugonu [**....]
Gold:   166        SH:  0    Dex: 17    Spells: 4/4 levels left

rFire    + . .     SeeInvis .   a - +2 hand axe
rCold    . . .     Gourm    .   (no shield)
rNeg     . . .     Faith    .   e - +4 ring mail
rPois    .         Spirit   .   (no helmet)
rElec    .         Reflect  .   (no cloak)
rCorr    .         Harm     .   (no gloves)
MR       .....                  (no boots)
Stlth    ++........             (no amulet)
HPRegen  0.13/turn              (no ring)
MPRegen  0.10/turn              n - ring of protection from fire

@: agile, very slightly contaminated
A: molten scales 2
a: Depart the Abyss, Bend Space, Renounce Religion


You were in a sewer.
You worshipped Lugonu.
Lugonu was pleased with you.
You were not hungry.

You visited 1 branch of the dungeon, and saw 4 of its levels.
You visited the Abyss 1 time.
You also visited: Sewer.

You collected 166 gold pieces.

Inventory:

Hand Weapons
 a - a +2 hand axe (weapon)
 f - a +0 short sword
Armour
 b - a +1 leather armour
 e - a +4 ring mail (worn)
Jewellery
 d - an uncursed ring of fire
 n - a ring of protection from fire (right hand)
Scrolls
 h - a scroll of teleportation
 j - a scroll of remove curse
 l - a scroll of identify
 q - a scroll of blinking
Comestibles
 c - 5 rations
 g - 3 chunks of flesh


   Skills:
 + Level 3.5 Fighting
 + Level 5.3 Axes
 + Level 2.1 Armour
 - Level 0.8 Dodging
 - Level 2.4 Invocations


You had 4 spell levels left.
You didn't know any spells.

Dungeon Overview and Level Annotations

Branches:
Dungeon (4/15)
 Temple: D:4-7

Altars:
Dithmenos
Makhleb
Xom


Innate Abilities, Weirdness & Mutations

You are mostly covered in molten scales. (AC +3)


Message History

The river rat is heavily wounded.
The river rat bites you but does no damage.
You hit the river rat.
The river rat is heavily wounded.
The river rat barely misses you.
You hit the river rat.
The river rat is heavily wounded.
The river rat completely misses you.
You hit the river rat but do no damage.
The river rat is heavily wounded.
The river rat bites you.
* * * LOW HITPOINT WARNING * * *
You closely miss the river rat.
The river rat is heavily wounded.
The river rat bites you.
* * * LOW HITPOINT WARNING * * *
You hit the river rat.
The river rat is severely wounded.
The river rat bites you!
You die...

#.#
#.#
#∩#
#.#
#r#
#r#
#r#
#r#
#@#
###


You could see 2 river rats and 2 rats.

Vanquished Creatures
  An orc wizard (D:3)
  An orc priest (D:3)
  A worker ant (D:4)
  4 adders
  4 gnolls (D:2)
  3 worms (D:2)
  4 leopard geckos
  6 orcs
  A ball python (D:2)
  12 bats
  3 giant cockroaches
  9 goblins
  9 hobgoblins
  2 jackals (D:2)
  A quokka (D:2)
  2 frilled lizards
  9 kobolds
  5 rats
77 creatures vanquished.

Notes
Turn   | Place    | Note
-------+----------+-------------------------------------------
     0 | Abyss:1  | xccam the Demonspawn Abyssal Knight began the quest for the Orb.
     0 | Abyss:1  | Reached XP level 1. HP: 18/18 MP: 2/2
    12 | Abyss:1  | Found a corrupted altar of Lugonu.
    53 | Abyss:1  | Noticed a worldbinder
    56 | D:1      | Escaped the Abyss
    96 | D:1      | Reached * piety under Lugonu
   142 | D:1      | Reached skill level 2 in Axes
   219 | D:1      | Gained mutation: You are partially covered in molten scales. (AC +2) [demonic ancestry]
   219 | D:1      | Reached XP level 2. HP: 13/24 MP: 3/3
   639 | D:2      | Reached skill level 3 in Axes
   665 | D:2      | Gained mutation: You are mostly covered in molten scales. (AC +3) [demonic ancestry]
   665 | D:2      | Reached XP level 3. HP: 18/29 MP: 4/4
   799 | D:2      | Found a shadowy altar of Dithmenos.
   967 | D:2      | Reached XP level 4. HP: 22/35 MP: 5/5
   968 | D:2      | Reached skill level 4 in Axes
  1290 | D:2      | Found a burning altar of Makhleb.
  1290 | D:2      | Found a shimmering altar of Xom.
  1398 | D:2      | Reached ** piety under Lugonu
  1614 | D:3      | Reached XP level 5. HP: 40/41 MP: 6/6
  1626 | D:3      | Reached skill level 5 in Axes
  2352 | D:4      | Found a glowing drain.
  2362 | Sewer    | Entered a sewer
  2377 | Sewer    | HP: 2/41 [river rat (2)]
  2379 | Sewer    | Mangled by a river rat

Skill      XL: |  1  2  3  4  5 |
---------------+----------------+-----
Axes           | 2 3 4 5 |  5.3
Armour         | 2 |  2.1
Fighting       | |  3.5
Dodging        | |  0.8
Invocations    | |  2.4

Action                   |  1- 3 |  4- 6 || total
-------------------------+-------+-------++-------
Melee: Hand axe          |   113 |   153 ||   266
Invok: Depart the Abyss  |     1 |       ||     1
  Use: Scroll            |     7 |     4 ||    11
       Potion            |     2 |     6 ||     8
  Eat: Chunk             |       |     5 ||     5
Armor: Leather armour    |    48 |    36 ||    84
       Skin              |    23 |    10 ||    33
       Ring mail         |       |    46 ||    46
Dodge: Dodged            |    73 |   105 ||   178
